 Dungeon Crawl Stone Soup version 0.31-a0-188-g5e087ee2ca (webtiles) character file.

Game seed: 16465823476321373883

26 qw the Shooter (level 2, -1/16 HPs)
             Began as a Deep Elf Hunter on June 23, 2023.
             Succumbed to a kobold's poison
             ... on level 1 of the Dungeon.
             The game lasted 00:00:16 (807 turns).

qw the Shooter (Deep Elf Hunter)                     Turns: 807, Time: 00:00:17

Health: -1/16      AC:  5    Str:  8    XL:     2   Next: 89%
Magic:  4/4        EV: 10    Int: 13    God:
Gold:   23         SH:  0    Dex: 18    Spells: 1/1 levels left

rFire   . . .        Y - +0 shortbow
rCold   . . .        (shield currently unavailable)
rNeg    . . .        j - +0 ring mail
rPois   .            (no helmet)
rElec   .            (no cloak)
rCorr   .            (no gloves)
SInv    +            (no boots)
Will    .....        (no amulet)
Stlth   +            f - ring of see invisible
HPRegen 0.22/turn    (no ring)
MPRegen 0.09/turn

%: no passive effects
@: lethally poisoned (-1 -> -13)
A: no striking features
a: no special abilities


You were on level 1 of the Dungeon.
You visited 1 branch of the dungeon, and saw 2 of its levels.

You collected 38 gold pieces.
You spent 15 gold pieces at shops.


   Skills:
 - Level 1.5 Fighting
 + Level 6.6 Ranged Weapons
 - Level 2.4 Dodging
 - Level 1.2 Stealth


You had one spell level left.
You didn't know any spells.
Your spell library was empty.

Inventory:

Hand Weapons
 Y - a +0 shortbow (weapon)
Armour
 j - a +0 ring mail (worn)
Jewellery
 f - a ring of see invisible (left hand)
Potions
 i - a potion of haste {unknown}
 k - a potion of might {unknown}

Dungeon Overview and Level Annotations

Branches:
Dungeon (2/15)

Altars:

Shops:
D:1 *


Message History

Done exploring.
746 ||| READING scroll labelled SUGUSK CUTSUM.
As you read the scroll labelled SUGUSK CUTSUM, it crumbles to dust.
It is a scroll of identify.
Really abort (and waste the scroll)?
Done exploring.
747 ||| READING scroll labelled ZUCA KIRUDI.
As you read the scroll labelled ZUCA KIRUDI, it crumbles to dust.
The air around you briefly surges with heat, but it dissipates.
It was a scroll of immolation.
Done exploring.
748 ||| DROPPING scroll of butterflies.
You drop a scroll of butterflies.
Done exploring.
(D) Dungeon
Where to? (* - list waypoints, ? - help)
What level of the Dungeon? (default 1, ? - help)
There is an open door here.
There is an open door here.
There is a stone staircase leading down here.
You climb downwards.
Found 2 stones and a pink potion.
There is a stone staircase leading up here.
A kobold is nearby!
Waypoint 1 assigned to D:2.
You shoot an arrow. The arrow misses the kobold.
You shoot an arrow. The arrow closely misses the kobold.
The kobold hits you with a +2 dagger of venom.
You are poisoned.
805 ||| STAIRDANCE You feel very sick.
The kobold hits you with a +2 dagger of venom.
You are more poisoned.
You climb upwards.
You feel very sick.
There is a stone staircase leading down here.
Enter note:
Enter note:
Enter note: You shoot an arrow.
The arrow hits the kobold but does no damage.
You die...

#...###.#.###########......# #.#
..#.####.###.......##.##.#.####.#
#........# #.#.#.................
########## #.##.##.##.......###.#
#.#..##.##.......###.#
#.#.###.###.#.##.#.... #.#.###.#
#.#.##.#.### ##.......#
#.#.##.#.### #.....@K##
#......#.#.. #.##.##.#
#.....##.#.# #.#...#.#
#.....#..... ###...#.#
#.....#..... ######..#.#
#.....#.##.. ##_8.##....#
#.....#.####
#8.^###.#############..:..
#.#..##......# ######
###..##......# #


You could see a kobold.

Vanquished Creatures
  2 ball pythons (D:1)
  A bat (D:1)
  3 endoplasms (D:1)
  3 giant cockroaches (D:1)
  7 goblins (D:1)
  3 hobgoblins (D:1)
  2 frilled lizards (D:1)
  A rat (D:1)
22 creatures vanquished.

Notes
Turn   | Place    | Note
-------+----------+-------------------------------------------
     0 | D:1      | qw the Deep Elf Hunter began the quest for the Orb.
     0 | D:1      | Reached XP level 1. HP: 12/12 MP: 3/3
     0 | D:1      | 0 ||| qw: Version: 0.3-a-9-g12657ce
     0 | D:1      | 0 ||| qw: Game counter: 3720
     0 | D:1      | 0 ||| qw: Always use a shield: true
     0 | D:1      | 0 ||| qw: God list: Okawaru
     0 | D:1      | 0 ||| qw: Allow faded altars: false
     0 | D:1      | 0 ||| qw: Do Orc after D:15 true
     0 | D:1      | 0 ||| qw: Do second Lair branch before Depths: true
     0 | D:1      | 0 ||| qw: Lair rune preference: random
     0 | D:1      | 0 ||| qw: Plans: Normal
     0 | D:1      | 0 ||| PLANNING D:1-11
   149 | D:1      | Reached XP level 2. HP: 16/16 MP: 4/4
   164 | D:1      | Reached skill level 6 in Ranged Weapons
   366 | D:1      | Found Meosenys's Assorted Antiques.
   376 | D:1      | 376 ||| SHOPLISTING bloodstained leather armour (119 gold,
                  | have 24).
   376 | D:1      | 376 ||| BUYING bubbling red potion (15 gold).
   376 | D:1      | Bought a bubbling red potion for 15 gold pieces
   376 | D:1      | 376 ||| SHOPLISTING fizzy emerald potion (15 gold, have 9).
   376 | D:1      | 376 ||| SHOPLISTING pink potion (15 gold, have 9).
   376 | D:1      | 376 ||| SHOPLISTING scroll labelled BANIHAE XIMUOSH (17
                  | gold, have 9).
   376 | D:1      | 376 ||| SHOPLISTING scroll labelled FEDOMNU PELAMI (17
                  | gold, have 9).
   376 | D:1      | 376 ||| SHOPLISTING scroll labelled SUGUSK CUTSUM (17 gold,
                  | have 9).
   569 | D:1      | Found a faded altar of an unknown god.
   732 | D:1      | 732 ||| UPGRADING to +0 ring mail.
   742 | D:1      | 742 ||| DROPPING +0 leather armour.
   743 | D:1      | 743 ||| UPGRADING to ring of see invisible.
   744 | D:1      | 744 ||| READING scroll labelled QAATA TIGRIS.
   745 | D:1      | 745 ||| READING scroll labelled CYIWO RYNTAU.
   746 | D:1      | 746 ||| READING scroll labelled SUGUSK CUTSUM.
   747 | D:1      | 747 ||| READING scroll labelled ZUCA KIRUDI.
   748 | D:1      | 748 ||| DROPPING scroll of butterflies.
   805 | D:2      | 805 ||| STAIRDANCE
   806 | D:1      | HP: 2/16 [poisoned by a kobold]
   807 | D:1      | Succumbed to a kobold's poison

Levels and vault maps discovered:
D:1:      lemuel_arrival_room, layout_loops_cross,
          shapermc_ecumenical_altar_petra, serial_shops,
          nicolae_shop_overgrown_old_shop
D:2:      wander_river, layout_basic

Skill      XL: |  1  2 |
---------------+-------+-----
Ranged Weapons | 6 |  6.6
Fighting       | |  1.5
Dodging        | |  2.4
Stealth        | |  1.2

Action                     || total
---------------------------++-------
   Fire: Shortbow          ||    57
    Use: Scroll            ||     4
 Armour: Leather armour    ||     6
  Dodge: Dodged            ||    10

Table legend:
 A = Non-vault XP
 B = Vault XP
 C = Vault XP percentage of total XP
 D = Non-vault monster count
 E = Vault monster count
 F = Vault count percentage of total count
                 A         B        C        D         E       F
            +---------+---------+-------+---------+---------+-------
      Total |      38 |       0 |   0.0 |      22 |       0 |   0.0
            +---------+---------+-------+---------+---------+-------
        D:1 |      38 |       0 |   0.0 |      22 |       0 |   0.0
            +---------+---------+-------+---------+---------+-------
